 Dungeon Crawl Stone Soup version 0.30-a0-862-g1aabd4f9c5 (webtiles) character file.

Game seed: 17128686280392864410

23 Racksonjoss101 the Stinger (level 2, -4/15 HPs)
             Began as a Deep Elf Venom Mage on Mar 9, 2023.
             Slain by Natasha (9 damage)
             ... on level 2 of the Dungeon on Mar 10, 2023.
             The game lasted 00:04:35 (730 turns).

Racksonjoss101 the Stinger (Deep Elf Venom Mage)     Turns: 730, Time: 00:04:35

Health: -4/15      AC:  2    Str:  5    XL:     2   Next: 72%
Magic:  7/8        EV: 13    Int: 19    God:
Gold:   20         SH:  0    Dex: 15    Spells: 6/7 levels left

rFire   . . .      SeeInvis .    c - +0 dagger
rCold   + . .      Faith    .    (no shield)
rNeg    . . .      Spirit   .    a - +0 robe
rPois   .          Reflect  .    (no helmet)
rElec   .          Rampage  .    (no cloak)
rCorr   .                        (no gloves)
Will    .....                    (no boots)
Stlth   ++                       (no amulet)
HPRegen 0.22/turn                h - ring of protection from cold
MPRegen 0.11/turn                (no ring)

@: slowed, very slow
A: no striking features
a: no special abilities


You were on level 2 of the Dungeon.
You visited 1 branch of the dungeon, and saw 2 of its levels.

You collected 20 gold pieces.

Inventory:

Hand Weapons
 c - a +0 dagger (weapon)
Missiles
 d - 13 stones (quivered)
Armour
 a - a +0 robe (worn)
Jewellery
 h - a ring of protection from cold (left hand)
Scrolls
 f - 3 scrolls of identify {unknown}
 g - a scroll of vulnerability {unknown}
Potions
 b - a potion of magic
 e - a potion of might {unknown}
 i - a potion of curing {unknown}


   Skills:
 + Level 2.7 Dodging
 + Level 2.5 Stealth
 + Level 3.3 Spellcasting
 + Level 1.5 Transmutations
 + Level 3.8 Poison Magic


You had 6 spell levels left.
You knew the following spells:

 Your Spells              Type           Power      Damage    Failure   Level
a - Sting                 Tmut/Pois      52%        1d5       4%          1

Your spell library contained the following spells:

 Spells                   Type           Power      Damage    Failure   Level
 Poisonous Vapours        Pois/Air       20%        N/A       10%         2
 Mephitic Cloud           Conj/Pois/Air  8%         N/A       26%         3
 Olgreb's Toxic Radiance  Pois           17%        N/A       30%         4


Dungeon Overview and Level Annotations

Branches:
Dungeon (2/15)

Altars:

Annotations:
D:2 Natasha


Message History

Confirm with . or Enter, or press ? or * to list all spells.
You don't know that spell.
You now have 20 gold pieces (gained 16).
Casting: Sting (safe; 4% risk of failure)
Confirm with . or Enter, or press ? or * to list all spells.
You don't know that spell.
Natasha, Servant of Life and Death comes into view.
Found a chain mail.
Natasha is nearby!
Casting: Sting (safe; 4% risk of failure)
Confirm with . or Enter, or press ? or * to list all spells.
Aiming: Sting (safe; 4% risk of failure)
Press: ? - help, Shift-Dir - straight line, f - Natasha
Aim: Natasha (asleep, 100% to hit)
The sting hits Natasha but does no damage.
Natasha is poisoned.
Natasha hisses angrily.
Natasha drinks a potion.
Natasha flickers and vanishes!
Deactivating autopickup; reactivate with Ctrl-A.
Casting: Sting (safe; 4% risk of failure)
Confirm with . or Enter, or press ? or * to list all spells.
You can't see any susceptible monsters within range! (Use Z to cast anyway.)
Casting: Sting (safe; 4% risk of failure)
Confirm with . or Enter, or press ? or * to list all spells.
You can't see any susceptible monsters within range! (Use Z to cast anyway.)
Casting: Sting (safe; 4% risk of failure)
Confirm with . or Enter, or press ? or * to list all spells.
You don't know that spell.
Something claws you.
You barely miss something.
You hear some strange, mumbled words.
A magic dart appears from out of thin air!
The magic dart hits you!
* * * LOW HITPOINT WARNING * * *
You hit something.
You hear some strange, mumbled words.
You feel yourself slow down.
You barely miss something. Something claws you!
Ouch! That really hurt!
You die...

#.#.## #.#...#.# #
#..#.## #.#...#.#..
#.###.# #.#.......#
####.#.## #.#........
......########.......#.#
####### #........#.##...
####.######.#.##...
#......# ##...[....
#.##.#.# #{@..##.##
#.##.#.##..#.......
#.##.#.##.# .######
#.##.####+ ## #.####
#...# #####


There were no monsters in sight!

Vanquished Creatures
  2 dart slugs (D:2)
  3 endoplasms
  2 giant cockroaches (D:2)
  A goblin (D:1)
  2 hobgoblins (D:1)
  3 bats
  A frilled lizard (D:2)
14 creatures vanquished.

Vanquished Creatures (others)
  A worm (D:2)
1 creature vanquished.

Grand Total: 15 creatures vanquished

Notes
Turn   | Place    | Note
-------+----------+-------------------------------------------
     0 | D:1      | Racksonjoss101 the Deep Elf Venom Mage began the quest for
                  | the Orb.
     0 | D:1      | Reached XP level 1. HP: 10/10 MP: 6/6
   462 | D:2      | Reached XP level 2. HP: 4/15 MP: 6/8
   724 | D:2      | Noticed Natasha
   730 | D:2      | Slain by Natasha

Illustrated notes

Levels and vault maps discovered:
D:1:      beargit_arrival_greenhouse, layout_loops_ring, nicolae_titane
D:2:      minmay_spotlight, layout_loops_cross, grunt_ministairs_11, uniq_robin,
          uniq_jessica, uniq_natasha

Action                     || total
---------------------------++-------
  Melee: Unarmed           ||     1
         Dagger            ||     3
   Cast: Sting             ||    30
    Use: Scroll            ||     1
 Armour: Robe              ||     6
  Dodge: Dodged            ||    23

Table legend: (Time is in decaauts)
 A = Elapsed time spent in this place.
 B = Non-inter-level travel time spent in this place.
 C = Inter-level travel time spent in this place.
 D = Time resting spent in this place.
 E = Time spent auto-exploring this place.
 F = Levels seen in this place.
 G = Mean time per level.
                   A        B        C        D        E       F      G
               +--------+--------+--------+--------+--------+-----+--------+
         Total |    728 |    698 |     30 |      0 |      0 |   2 |  364.0 |
       Dungeon |    728 |    698 |     30 |      0 |      0 |   2 |  364.0 |
               +--------+--------+--------+--------+--------+-----+--------+

Top non-repeatable levels by time:
     D:1: 375 daAuts
     D:2: 353 daAuts
